 Dungeon Crawl Stone Soup version 0.31.0-9-g3a7656b989 (webtiles) character file.

Game seed: 17654147997449829353

86 qw the Shooter (level 4, -7/22 HPs)
             Began as a Spriggan Hunter on Feb 2, 2024.
             Killed by divine providence
             ... invoked by an orc priest
              (15 damage)
             ... on level 3 of the Dungeon.
             The game lasted 00:00:05 (1527 turns).

qw the Shooter (Spriggan Hunter)                    Turns: 1527, Time: 00:00:05

Health: -7/22      AC:  2    Str:  7    XL:     4   Next: 27%
Magic:  5/5        EV: 20    Int: 10    God:
Gold:   37         SH:  0    Dex: 20    Spells: 3/3 levels left

rFire   . . .        a - +1 shortbow
rCold   . . .        (shield currently unavailable)
rNeg    . . .        c - +0 robe
rPois   .            (helmet restricted)
rElec   .            (no cloak)
rCorr   .            (gloves unavailable)
SInv    +            (boots unavailable)
Will    .....        (no amulet)
Stlth   ++           (no ring)
HPRegen 0.23/turn    (no ring)
MPRegen 0.09/turn

%: no passive effects
@: very quick
A: very small, no large weapons, unfitting armour, see invisible, speed 3
a: no special abilities


You were on level 3 of the Dungeon.
You visited 1 branch of the dungeon, and saw 3 of its levels.

You collected 37 gold pieces.


Innate Abilities, Weirdness & Mutations

You are very small and have problems with some larger weapons.
You are too small for most types of armour.
You have supernaturally acute eyesight. (SInv)
You cover ground extremely quickly. (Speed+++)


   Skills:
 - Level 1.5 Fighting
 - Level 5.0 Ranged Weapons
 + Level 4.7 Dodging
 - Level 1.5 Stealth


You had 3 spell levels left.
You didn't know any spells.
Your spell library was empty.

Inventory:

Hand Weapons
 a - a +1 shortbow (weapon)
Armour
 c - a +0 robe (worn)
Potions
 b - a potion of heal wounds {unknown}
 d - a potion of resistance
 f - a potion of cancellation
 g - a potion of enlightenment {unknown}
 h - a potion of berserk rage {unknown}
 j - a potion of curing {unknown}
 l - a potion of brilliance {unknown}

Dungeon Overview and Level Annotations

Branches:
Dungeon (3/15)

Altars:
Makhleb


Message History

You shoot an arrow. The arrow hits the orc priest.
The orc priest is severely wounded.
The orc priest completely misses you.
You shoot an arrow. The arrow hits the orc priest.
The orc priest is almost dead.
The orc priest calls down the wrath of Beogh upon you.
Beogh smites you!
Ouch! That really hurt!
You shoot an arrow.
The arrow closely misses the orc priest.
The orc priest looks satisfied for a moment.
You shoot an arrow. The arrow hits the orc priest.
You kill the orc priest!
You have reached level 4!
You start resting.
An orc is nearby!
1478 ||| STAIRDANCE You climb upwards.
There is a stone staircase leading down here.
You see here a ring of wizardry.
You start resting.
HP restored.
You climb downwards.
You hear the sound of rushing water.
There is an entrance to a sewer on this level.
Hurry and find it before the portal rusts away!
You hear the brisk rusting of a very distant drain.
An orc priest comes into view. It is wielding a +0 short sword.
An orc priest comes into view. It is wielding a +0 dagger.
There is a stone staircase leading up, spattered with blood here.
You shoot an arrow. The arrow barely misses the orc.
The orc priest shouts!
You shoot an arrow. The arrow hits the orc.
The orc is heavily wounded.
The orc priest calls down the wrath of Beogh upon you.
Beogh smites you!
Ouch! That really hurt!
The orc priest invokes the aid of Beogh against you.
Beogh smites you!
Ouch! That really hurt!
You die...

.. #.# #..#### #....##
#...###############
#.........[@.......
######.#..........######
...........o..o...#
.....>....o.......#
......................
.........#..#.........
####.###.#...........#
#.# #.#...#..##...# #.#
#...#....# ...#


You could see 2 orc priests and an orc.

Vanquished Creatures
  An orc priest (D:3)
  An adder (D:3)
  2 dart slugs (D:1)
  An orc (D:2)
  4 bats
  5 endoplasms
  2 giant cockroaches (D:1)
  4 hobgoblins
  4 jackals (D:1)
  3 kobolds
  A quokka (D:1)
  4 ball pythons
  4 goblins
  4 rats
40 creatures vanquished.

Notes
Turn   | Place    | Note
-------+----------+-------------------------------------------
     0 | D:1      | qw the Spriggan Hunter began the quest for the Orb.
     0 | D:1      | Reached XP level 1. HP: 10/10 MP: 2/2
     0 | D:1      | 0 ||| qw: Version: 0.3-a-155-g5e7d8dd
     0 | D:1      | 0 ||| qw: Game counter: 1730
     0 | D:1      | 0 ||| qw: Melee chars always use a shield: true
     0 | D:1      | 0 ||| qw: God list: Okawaru
     0 | D:1      | 0 ||| qw: Allow faded altars: false
     0 | D:1      | 0 ||| qw: Do Orc after clearing Dungeon:15 true
     0 | D:1      | 0 ||| qw: Do second Lair branch before Depths: true
     0 | D:1      | 0 ||| qw: Lair rune preference: random
     0 | D:1      | 0 ||| qw: Goals: Normal
     0 | D:1      | 0 ||| PLANNING D:1-11
    67 | D:1      | Reached skill level 3 in Dodging
    90 | D:1      | Reached XP level 2. HP: 7/14 MP: 3/3
   442 | D:1      | Reached XP level 3. HP: 18/18 MP: 4/4
   658 | D:1      | 658 ||| READING 2 scrolls labelled GOYXZO XEIS.
   658 | D:1      | 658 ||| IDENTIFYING yellow potion
   659 | D:1      | 659 ||| READING scroll of identify.
   659 | D:1      | 659 ||| IDENTIFYING fizzy cyan potion
   660 | D:1      | 660 ||| READING scroll labelled RIRETE QUINU.
   661 | D:1      | 661 ||| DROPPING scroll of butterflies.
   716 | D:2      | Found a burning altar of Makhleb.
  1237 | D:2      | 1237 ||| READING scroll labelled OCZIHA ESSA.
  1238 | D:2      | 1238 ||| READING scroll labelled PATRYG JUNGOI.
  1238 | D:2      | 1238 ||| ENCHANTING +0 shortbow.
  1239 | D:2      | 1239 ||| READING scroll labelled TATWOG JIFOI.
  1261 | D:3      | 1261 ||| PLANNING SEWER
  1281 | D:3      | HP: 4/18 [orc priest/divine providence (14)]
  1282 | D:3      | 1282 ||| FLEEEEING.
  1284 | D:3      | 1284 ||| FLEEEEING.
  1285 | D:3      | 1285 ||| FLEEEEING.
  1286 | D:3      | 1286 ||| FLEEEEING.
  1287 | D:3      | 1287 ||| FLEEEEING.
  1290 | D:3      | 1290 ||| FLEEEEING.
  1291 | D:3      | 1291 ||| FLEEEEING.
  1292 | D:3      | 1292 ||| FLEEEEING.
  1293 | D:3      | 1293 ||| FLEEEEING.
  1294 | D:3      | 1294 ||| FLEEEEING.
  1295 | D:3      | 1295 ||| FLEEEEING.
  1296 | D:3      | 1296 ||| FLEEEEING.
  1297 | D:3      | 1297 ||| FLEEEEING.
  1298 | D:3      | 1298 ||| FLEEEEING.
  1299 | D:3      | 1299 ||| FLEEEEING.
  1300 | D:3      | 1300 ||| STAIRDANCE
  1346 | D:2      | 1346 ||| DROPPING ring of wizardry.
  1353 | D:3      | 1353 ||| STAIRDANCE
  1357 | D:2      | Reached skill level 5 in Ranged Weapons
  1408 | D:3      | 1408 ||| STAIRDANCE
  1473 | D:3      | Reached XP level 4. HP: 10/22 MP: 5/5
  1478 | D:3      | 1478 ||| STAIRDANCE
  1527 | D:3      | Killed from afar by an orc priest

Levels and vault maps discovered:
D:1:      ncdulo_lavacross, layout_loops_ring
D:2:      layout_loops_ring, basic_altar, minmay_distorted
D:3:      layout_rooms, kennysheep_orc_sif_temple, gup_sewer_entry_bowl,
          shapermc_ecumenical_altar_gd, uniq_grinder

Skill      XL: |  1  2  3 |
---------------+----------+-----
Dodging        | 3 4 |  4.7
Ranged Weapons | 5 |  5.0
Fighting       | |  1.5
Stealth        | |  1.5

Action                     |  1- 3 |  4- 6 || total
---------------------------+-------+-------++-------
   Fire: Shortbow          |   110 |     2 ||   112
    Use: Scroll            |     6 |       ||     6
 Armour: Robe              |    24 |       ||    24
  Dodge: Dodged            |    73 |       ||    73

Table legend:
 A = Non-vault XP
 B = Vault XP
 C = Vault XP percentage of total XP
 D = Non-vault monster count
 E = Vault monster count
 F = Vault count percentage of total count
                 A         B        C        D         E       F
            +---------+---------+-------+---------+---------+-------
      Total |     122 |       2 |   1.6 |      39 |       1 |   2.5
            +---------+---------+-------+---------+---------+-------
        D:1 |      51 |       0 |   0.0 |      27 |       0 |   0.0
        D:2 |      16 |       2 |  11.1 |       9 |       1 |  10.0
        D:3 |      55 |       0 |   0.0 |       3 |       0 |   0.0
            +---------+---------+-------+---------+---------+-------
